 Dungeon Crawl Stone Soup version bcrawl-1.40.3b (webtiles) character file.

Game seed: 1112537736129638413

408958 Finalfun the Quickloader (level 12, 0/83 HPs)
             Began as a Human Archaeologist on Mar 16, 2024.
             Was a High Priest of Zin.
             Killed from afar by a water nymph (20 damage)
             ... with a torrent of water
             ... on level 4 of the Lair of Beasts.
             The game lasted 00:34:14 (10777 turns).

Finalfun the Quickloader (Human Archaeologist)     Turns: 10777, Time: 00:34:14

Health: 0/83       AC: 10    Str: 14    XL:     12   Next: 45%
Magic:  20/20      EV: 12    Int: 21    God:    Zin [*****.]
Gold:   643        SH:  0    Dex: 15    Spells: 14/17 levels left

rFire    . . .     GDR:     27% b - +2 arbalest (flame)
rCold    + . .     SeeInvis .   (shield currently unavailable)
rNeg     + . .     Gourm    .   I - +1 ring mail of Bioluntesi {rN+}
rPois    .         Faith    .   d - +1 hat
rElec    .         Spirit   .   t - +0 cloak
rCorr    .         Reflect  .   (no gloves)
MR       .....                  m - +1 pair of boots
Stlth    ++........             F - amulet of regeneration
HPRegen  0.83/turn              L - ring of protection from cold
MPRegen  0.17/turn              H - +7 ring of intelligence

@: studying Slings
A: no striking features
a: Recite, Vitalisation, Manna, Imprison, Sanctuary, Donate Gold, Renounce
Religion


You were on level 4 of the Lair of Beasts.
You worshipped Zin.
Zin was extremely pleased with you.
You were not hungry.

You visited 2 branches of the dungeon, and saw 13 of its levels.
You also visited: Ossuary.

You collected 714 gold pieces.
You donated 71 gold pieces to Zin.

Inventory:

Hand Weapons
 a - a +2 quick blade of venom
 b - a +2 arbalest of flaming (weapon)
 C - a +0 blowgun
Missiles
 c - 527 bolts (quivered)
 f - 52 curare-tipped needles
 q - 2841 stones
 D - 1419 arrows
 M - 202 poisoned needles
 N - 56 needles of confusion
 Q - a throwing net {=f}
Armour
 d - a +1 hat (worn)
 m - a +1 pair of boots (worn)
 t - a +0 cloak (worn)
 y - a +0 medium shield of protection
 I - the +1 ring mail of Bioluntesi (worn) {rN+}
   (You found it on level 6 of the Dungeon)

   It protects you from negative energy.
Jewellery
 n - an uncursed ring of fire
 E - a cursed ring of fire
 F - an amulet of regeneration (around neck)
 H - a +7 ring of intelligence (right hand)
 L - a ring of protection from cold (left hand)
 V - an uncursed amulet of the gourmand {unknown}
 W - a +5 ring of protection {unknown}
 Y - an uncursed ring of positive energy {unknown}
Wands
 J - a wand of iceblast (17)
 K - a wand of paralysis (10)
 O - a wand of clouds (6)
 P - a wand of flame (26)
 U - a wand of scattershot (4)
Scrolls
 g - 3 scrolls of enchant weapon {unknown}
 i - 4 scrolls of identify
 j - 3 scrolls of amnesia {unknown}
 k - 4 scrolls of teleportation
 l - a scroll of enchant armour
 o - 3 scrolls of blinking
 p - 3 scrolls of immolation {unknown}
 s - 2 scrolls of remove curse
 w - a scroll of fog {unknown}
 T - 2 scrolls of revelation
Potions
 h - 6 potions of agility
 r - 4 potions of brilliance
 u - a potion of heal wounds
 v - 3 potions of mutation
 x - a potion of curing
 z - 2 potions of magic
 A - 2 potions of cancellation
 B - a potion of berserk rage {unknown}
 G - 4 potions of might
 R - 2 potions of flight {unknown}
 S - a potion of ambrosia {unknown}
Comestibles
 e - 25 rations {!d}
 X - a chunk of flesh


   Skills:
 - Level 4.0 Fighting
 - Level 8.0 Short Blades
   Level 1.1 Maces & Flails
 + Level 12.0 Crossbows
 - Level 4.0 Dodging
 - Level 4.0 Stealth
 + Level 7.9 Shields
 + Level 3.1 Spellcasting
 + Level 3.8 Hexes
 + Level 11.1 Invocations
 + Level 2.6 Evocations


You had 14 spell levels left.
You knew the following spells:

 Your Spells              Type           Power        Failure   Level  Hunger
a - Confuse               Hex            ###.....     17%         3    ####...

Your spell library contained the following spells:

 Spells                   Type           Power        Failure   Level  Hunger
 Corona                   Hex            ###....      5%          1    None
 Slow                     Hex            ###.....     5%          1    None
 Tukima's Dance           Hex            ###.....     17%         3    ####...
 Ensorcelled Hibernation  Hex/Ice        ##....       19%         2    #......
 Apportation              Tloc           #.....       26%         1    None
 Infusion                 Chrm           #.......     26%         1    None
 Sandblast                Erth           #.....       26%         1    None
 Static Discharge         Air            #.....       26%         1    None
 Summon Butterflies       Summ           #.......     26%         1    None
 Dazzling Orbs            Conj/Hex       ##.....      36%         3    ####...
 Cause Fear               Hex            ###.......   50%         4    #####..
 Lightning Bolt           Conj/Air       #.......     95%         4    #####..
 Summon Lightning Spire   Summ/Air       #.......     100%        5    ######.
 Conjure Ball Lightning   Conj/Air       #.........   100%        6    #######
 Chain Lightning          Conj/Air       #.........   100%        8    #######


Dungeon Overview and Level Annotations

Branches:
Dungeon (9/12)             Temple (0/1) D:7            Lair (4/6) D:8
 Shoals (0/3) Lair:4       Spider (0/3) Lair:4          Orc (0/1) D:9

Altars:
Fedhas
Gozag
Hepliaklqana
Kikubaaqudgha
Qazlal
Ru
Sif Muna
Uskayaw
Wu Jian
Xom
Zin
The Shining One

Shops:
D:9 !

Annotations:
D:4 3 runed translucent doors, rumpelstilzz's ghost, amateur TrWr


Message History

The water nymph shouts!
The water nymph gestures at you. The torrent of water hits you!!
The wave splashes down.
Splash!
You fall into the shallow water.
Moving in this stuff is going to be slow.
The water nymph gestures at you. The torrent of water misses you.
The wave splashes down.
You hear an angry hiss.
You hear a loud, deep croak!
Firing (i - inventory. (/) - cycle)
c - 528 bolts (quivered)
Press: ? - help, Shift-Dir - straight line, f/p - water nymph
Aim: a water nymph You shoot a bolt.
The bolt barely misses the water nymph.
The water nymph gestures at you. The water swirls and strikes you!!!
* * * LOW HITPOINT WARNING * * *
No path to travel!
The water nymph gestures at you. The torrent of water hits you!!
You die...

≈≈≈........................
≈≈≈.≈......................
≈≈≈≈≈......................
.≈≈≈≈≈...<.................
....≈mP####.##+###..##.....
...#≈≈.###P.#≈≈≈##.#......#
......≈≈≈...'≈>≈+.........#
..##...≈.##.#≈≈≈#...#.....#
#......@.##+##..........
#......#....##...#.....#
#.....##.....#....#.....
########....#.†..#.....#
#....P....##....#
.......P...+P#.....
...................
#.#.##.####P##..#### .###
### #####.#


You could see a water nymph.

Vanquished Creatures
  A hydra (Lair:3)
  A centaur warrior (D:9)
  Pikel (D:6)
  8 cane toads
  A jumping spider (Lair:4)
  A rime drake (Lair:3)
  A komodo dragon (Lair:1)
  A polar bear (Lair:2)
  Prince Ribbit (D:6)
  A hornet (D:8)
  A hippogriff (Lair:4)
  10 yaks
  A water elemental (Lair:4)
  A redback (Lair:4)
  3 hungry ghosts
  2 water moccasins
  6 crocodiles
  5 porcupines
  Duvessa (D:7)
  5 ice beasts
  3 sky beasts
  3 orc warriors (D:9)
  3 phantoms
  3 ogres
  A necrophage (D:9)
  16 wolves
  5 bullfrogs
  Blork the orc (D:4)
  2 kobold brigands (D:9)
  A centaur (D:8)
  Dowan (D:7)
  A water moccasin zombie (D:6)
  9 wights (D:9)
  2 orc priests
  A howler monkey (D:9)
  A bullfrog zombie (D:5)
  4 crimson imps
  2 quasits
  7 hounds
  5 orc wizards
  A jelly (D:8)
  A bullfrog skeleton (D:7)
  Terence (D:3)
  Jessica (D:8)
  3 worker ants
  A hound zombie (D:5)
  3 mummies
  A worker ant zombie (D:8)
  7 gnolls
  4 adders
  3 howler monkey skeletons
  2 shadow imps
  2 oozes
  6 adder zombies (Ossuary)
  3 adder skeletons
  2 worms (D:3)
  2 dart slugs
  7 leopard geckos
  56 orcs
  A giant cockroach (D:1)
  3 gnoll zombies (Ossuary)
  4 goblins
  12 hobgoblins
  3 jackals (D:1)
  25 kobolds
  6 quokkas
  3 bats
  3 frilled lizards
  6 hobgoblin zombies
  6 kobold zombies (Ossuary)
  5 orc zombies (Ossuary)
  9 rats
315 creatures vanquished.

Vanquished Creatures (others)
  12 fungi (D:5)
  4 plants (Lair:1)
16 creatures vanquished.

Grand Total: 331 creatures vanquished

Notes
Turn   | Place    | Note
-------+----------+-------------------------------------------
     0 | D:1      | Finalfun the Human Archaeologist began the quest for the
                  | Orb.
     0 | D:1      | Reached XP level 1. HP: 15/15 MP: 1/1
    86 | D:1      | Reached XP level 2. HP: 21/21 MP: 2/2
   371 | D:1      | Reached XP level 3. HP: 11/26 MP: 3/3
  1033 | D:2      | Reached XP level 4. HP: 19/34 MP: 4/4
  1895 | D:3      | Reached XP level 5. HP: 26/41 MP: 5/5
  1895 | D:3      | Identified a scroll of acquirement
  1951 | D:2      | Identified the ring "Penasiq" {rPois rN+ Int+2} (You
                  | acquired it on level 2 of the Dungeon)
  2037 | D:3      | Reached skill level 1 in Short Blades
  2194 | D:3      | Noticed Terence
  2209 | D:3      | Killed Terence
  2523 | D:3      | Reached XP level 6. HP: 47/48 MP: 6/6
  2612 | D:4      | Found a runed translucent gate.
  2613 | D:4      | Found a runed translucent gate.
  2614 | D:4      | Found a runed translucent gate.
  2615 | D:4      | Noticed rumpelstilzz's ghost (amateur TrWr)
  2654 | D:4      | Found an ancient bone altar of Kikubaaqudgha.
  2736 | D:4      | Noticed Blork the orc
  2759 | D:4      | Killed Blork the orc
  2804 | D:4      | Found a shimmering altar of Xom.
  2805 | D:4      | Noticed an angel
  2927 | D:4      | Noticed an ogre
  2942 | D:4      | Killed an ogre
  2943 | D:4      | Reached skill level 5 in Short Blades
  2943 | D:4      | Reached XP level 7. HP: 19/54 MP: 7/7
  3148 | D:4      | Found a glowing silver altar of Zin.
  3171 | D:4      | Became a worshipper of Zin the Law-Giver
  3171 | D:4      | Reached * piety under Zin
  3476 | D:5      | Entered Level 5 of the Dungeon
  3491 | D:5      | Reached skill level 1 in Invocations
  3524 | D:5      | Found a sand-covered staircase.
  3537 | Ossuary  | Entered an ossuary
  3638 | Ossuary  | Reached ** piety under Zin
  3942 | D:5      | Reached *** piety under Zin
  4066 | D:5      | Reached XP level 8. HP: 50/60 MP: 9/11
  4166 | D:5      | Reached skill level 5 in Invocations
  4560 | D:5      | Found an ornate altar of the Wu Jian Council.
  5305 | D:6      | Reached skill level 1 in Crossbows
  5345 | D:6      | Reached skill level 2 in Crossbows
  5389 | D:6      | Noticed a yak
  5389 | D:6      | Noticed a yak
  5390 | D:6      | Noticed a yak
  5391 | D:6      | Noticed a yak
  5407 | D:6      | Killed a yak
  5408 | D:6      | Reached skill level 3 in Crossbows
  5408 | D:6      | Reached XP level 9. HP: 65/65 MP: 13/13
  5426 | D:6      | Reached skill level 4 in Crossbows
  5443 | D:6      | Reached skill level 5 in Crossbows
  5548 | D:6      | Reached skill level 6 in Crossbows
  5553 | D:6      | Got a faintly humming ring mail
  5608 | D:6      | Identified the cursed +1 ring mail of Bioluntesi {rN+} (You
                  | found it on level 6 of the Dungeon)
  5628 | D:6      | Noticed Pikel
  5632 | D:6      | Paralysed by Pikel for 4 turns
  5651 | D:6      | Killed Pikel
  5652 | D:6      | Reached skill level 7 in Crossbows
  5818 | D:6      | Reached **** piety under Zin
  5850 | D:6      | Noticed Prince Ribbit
  5855 | D:6      | Killed Prince Ribbit
  5865 | D:6      | Reached XP level 10. HP: 71/71 MP: 15/15
  5960 | D:6      | Reached skill level 8 in Crossbows
  6034 | D:7      | Noticed Duvessa
  6035 | D:7      | Killed Duvessa
  6035 | D:7      | Noticed Dowan
  6038 | D:7      | Killed Dowan
  6193 | D:7      | Found a sacrificial altar of Ru.
  6352 | D:7      | Learned a level 3 spell: Confuse
  6417 | D:7      | Found a hide-covered altar of Uskayaw.
  6498 | D:7      | Found a staircase to the Ecumenical Temple.
  6581 | D:7      | Reached skill level 9 in Crossbows
  6706 | D:8      | Found a blossoming altar of Fedhas.
  6706 | D:8      | Found a glowing golden altar of the Shining One.
  6941 | D:8      | Found a staircase to the Lair.
  7045 | D:8      | Found a stormy altar of Qazlal.
  7162 | D:8      | Noticed Jessica
  7163 | D:8      | Killed Jessica
  7170 | D:8      | Found a shimmering blue altar of Sif Muna.
  7261 | D:8      | Found an opulent altar of Gozag.
  7263 | D:8      | Found a hazy altar of Hepliaklqana.
  7422 | D:9      | Reached skill level 1 in Shields
  7564 | D:9      | Found a sacrificial altar of Ru.
  7597 | D:9      | Noticed a centaur warrior
  7611 | D:9      | Killed a centaur warrior
  7612 | D:9      | Reached skill level 10 in Crossbows
  7612 | D:9      | Reached skill level 10 in Invocations
  7612 | D:9      | Reached XP level 11. HP: 56/77 MP: 18/18
  7643 | D:9      | Reached ***** piety under Zin
  7809 | D:9      | Found Urher's Distillery.
  7978 | D:9      | Found a staircase to the Orcish Mines.
  8027 | D:9      | Reached skill level 5 in Shields
  8233 | D:9      | Reached skill level 11 in Crossbows
  8431 | Lair:1   | Entered Level 1 of the Lair of Beasts
  8970 | Lair:1   | Reached skill level 1 in Hexes
  9341 | Lair:2   | Reached skill level 1 in Spellcasting
  9344 | Lair:2   | Zin protects you from harm!
  9539 | Lair:2   | Reached XP level 12. HP: 83/83 MP: 18/20
 10306 | Lair:3   | Reached skill level 1 in Evocations
 10471 | Lair:3   | Noticed a five-headed hydra
 10473 | Lair:3   | Killed a five-headed hydra
 10590 | Lair:4   | Found a hole to the Spider Nest.
 10660 | Lair:4   | Found a staircase to the Shoals.
 10670 | Lair:3   | Reached skill level 12 in Crossbows
 10777 | Lair:4   | Killed from afar by a water nymph

Skill      XL: |  1  2  3  4  5  6  7  8  9 10 11 12 |
---------------+-------------------------------------+-----
Stealth        | 4 |  4.0
Dodging        | 4 |  4.0
Fighting       | 2 3 4 |  4.0
Short Blades   | 2 5 6 7 8 |  8.0
Invocations    | 4 6 7 10 11 | 11.1
Crossbows      | 3 7 10 11 12 | 12.0
Shields        | 3 7 |  7.9
Hexes          | 2 3 |  3.8
Spellcasting   | 1 3 |  3.1
Evocations     | 2 |  2.6
Maces & Flails | |  1.1

Action                   |  1- 3 |  4- 6 |  7- 9 | 10-12 || total
-------------------------+-------+-------+-------+-------++-------
Melee: Whip              |   206 |    27 |       |       ||   233
       Dagger            |       |    46 |       |       ||    46
       Quick blade       |       |   133 |   398 |   265 ||   796
 Fire: Arbalest          |       |       |    45 |   348 ||   393
Throw: Stone             |       |     5 |     2 |     3 ||    10
Invok: Recite            |       |       |    16 |     7 ||    23
       Imprison          |       |       |       |     1 ||     1
Evoke: Wand              |       |       |       |     2 ||     2
  Use: Scroll            |       |     5 |     6 |     6 ||    17
       Potion            |       |     1 |       |     5 ||     6
 Stab: Sleeping          |     3 |     3 |     2 |       ||     8
  Eat: Chunk             |     6 |    10 |     7 |    22 ||    45
       Ration            |       |       |     2 |     3 ||     5
Armor: Robe              |    56 |     7 |       |       ||    63
       Ring mail         |       |    32 |    55 |    95 ||   182
Dodge: Dodged            |   159 |   101 |    88 |   203 ||   551
Block: Medium shield     |       |       |       |     7 ||     7
